[Event "Titled Tuesday Blitz February 28 Early 2023"]
[White "Bongo Akanga Ndjila, Barthelemy"]
[Black "Qashashvili, Alexandre"]
[WhiteFideId "10609431"]
[BlackFideId "13600842"]
[WhiteElo "1768"]
[BlackElo "2405"]
[Result "1-0"]
[Round "07"]
[TimeControl "180+2"]
[Date "2023.02.28"]
[WhiteClock "0:00:52"]
[BlackClock "0:00:07"]

1. d4 d5 2. c4 c6 3. Qc2 Nf6 4. e3 g6 5. Nf3 Bg7 6. Nc3 O-O 7. Bd3 Nbd7 8. b3 Re8 9. Bb2 e5 10. Nxe5 Nxe5 11. dxe5 Rxe5 12. Nxd5 Nxd5 13. cxd5 Rxd5 14. Bxg7 Kxg7 15. Bc4 Qa5+ 16. Ke2 Rd6 17. Rhd1 Bg4+ 18. f3 Bf5 19. e4 Rxd1 20. Rxd1 Re8 21. Kf1 Be6 22. Bxe6 Rxe6 23. Rd7 c5 24. Kf2 b6 25. Kg3 Qe1+ 26. Qf2 Qc3 27. Qd2 Qe5+ 28. Kf2 Qxh2 29. Qd5 Qh4+ 30. Ke2 Qg3 31. Qxe6 Qxg2+ 32. Ke3 Qg1+ 33. Kd2 Qf2+ 34. Kc1 Qe1+ 35. Kb2 Qe2+ 36. Ka3 Qa6+ 37. Kb2 Qe2+ 38. Kc3 Qe3+ 39. Kc4 Qe2+ 40. Kd5 1-0


[Site "https://www.chess.com"]

[Event "Titled Tuesday Blitz February 28 Early 2023"]
[White "Kornyukov, Alexey"]
[Black "Seifert, Henryk"]
[WhiteFideId "4150457"]
[BlackFideId "1100963"]
[WhiteElo "2352"]
[BlackElo "2071"]
[Result "1/2-1/2"]
[Round "07"]
[TimeControl "180+2"]
[Date "2023.02.28"]
[WhiteClock "0:00:47"]
[BlackClock "0:00:07"]

1. e4 e6 2. d4 d5 3. Nc3 Nf6 4. Bg5 Be7 5. exd5 exd5 6. Nf3 Bg4 7. Bd3 O-O 8. O-O h6 9. Bxf6 Bxf6 10. h3 Bxf3 11. Qxf3 c6 12. Qf5 g6 13. Qf4 Bg7 14. Rfe1 Nd7 15. Rad1 Qf6 16. Qxf6 Bxf6 17. Be2 Rfe8 18. Bg4 Nb6 19. Rxe8+ Rxe8 20. Kf1 Nc4 21. b3 Nd6 22. Ne2 h5 23. Bf3 Kg7 24. g3 a5 25. h4 Re7 26. a4 Ne4 27. Bxe4 Rxe4 28. c4 Re7 29. c5 Re4 30. Rd3 Kf8 31. f3 Re7 32. Kf2 Kg7 33. Rc3 Re8 34. Rd3 Re7 35. Nf4 Re8 36. Ne2 Re7 1/2-1/2


[Site "https://www.chess.com"]

[Event "Titled Tuesday Blitz February 28 Early 2023"]
[White "Ricaurte Lopez, Juan Carlos"]
[Black "Wilson, Elvin"]
[WhiteFideId "3600327"]
[BlackFideId "2014874"]
[WhiteElo "2209"]
[BlackElo "2295"]
[Result "0-1"]
[Round "07"]
[TimeControl "180+2"]
[Date "2023.02.28"]
[WhiteClock "0:00:03"]
[BlackClock "0:00:47"]

1. e4 e6 2. d4 d5 3. exd5 exd5 4. Nf3 Nf6 5. c4 Be7 6. Nc3 O-O 7. Be2 dxc4 8. Bxc4 Nbd7 9. O-O Nb6 10. Bb3 Nbd5 11. h3 c6 12. Re1 Re8 13. Bg5 Be6 14. Ne5 Nc7 15. Qd3 Bxb3 16. axb3 Ne6 17. Rad1 Nxg5 18. Qc4 Nd5 19. f4 Ne6 20. f5 Nec7 21. Ne4 Bf6 22. Ng4 Bh4 23. Re2 Nb6 24. Qd3 Ncd5 25. Qf3 Nf6 26. Nc5 Rxe2 27. Qxe2 Nxg4 28. Qxg4 Bf6 29. Nxb7 Qd5 30. Qf3 Qxf3 31. gxf3 Nd5 32. Na5 Ne7 33. Kf2 Rb8 34. Ke3 Rb5 35. Ra1 Rxf5 36. Kd3 Rd5 37. Ra4 c5 38. Ke4 Rxd4+ 39. Rxd4 cxd4 40. b4 Kf8 41. b5 Ke8 42. b4 Kd7 43. Nc4 Nc8 44. Kd5 Nb6+ 45. Nxb6+ axb6 0-1


[Site "https://www.chess.com"]

[Event "Titled Tuesday Blitz February 28 Early 2023"]
[White "Kriti Mayur Patel"]
[Black "Zaichenko, Daria"]
[WhiteFideId "35061780"]
[BlackFideId "4197453"]
[WhiteElo "1306"]
[BlackElo "2039"]
[Result "1-0"]
[Round "07"]
[TimeControl "180+2"]
[Date "2023.02.28"]
[WhiteClock "0:02:21"]
[BlackClock "0:01:48"]

1. e4 c5 2. d4 cxd4 3. c3 dxc3 4. Nxc3 Nc6 5. Nf3 d6 6. Bc4 e6 7. O-O Nf6 8. Qe2 Be7 9. Rd1 O-O 10. e5 Ne8 11. exd6 Nxd6 12. Bf4 e5 13. Nxe5 Nxe5 14. Bxe5 Qd7 15. Bxd6 Bxd6 16. Nb5 Re8 17. Qf3 Bxh2+ 18. Kxh2 Qe7 19. Nd6 Qh4+ 20. Kg1 Bg4 21. Qxf7+ Kh8 22. Nxe8 1-0


[Site "https://www.chess.com"]

[Event "Titled Tuesday Blitz February 28 Early 2023"]
[White "Martin, Lewis"]
[Black "Castillo Pena, Patricia Evarista"]
[WhiteFideId "410551"]
[BlackFideId "6412106"]
[WhiteElo "2145"]
[BlackElo "1919"]
[Result "1-0"]
[Round "07"]
[TimeControl "180+2"]
[Date "2023.02.28"]
[WhiteClock "0:01:00"]
[BlackClock "0:00:01"]

1. e4 c5 2. Nf3 d6 3. d4 cxd4 4. Nxd4 Nf6 5. Nc3 a6 6. Bg5 e6 7. f4 h6 8. Bh4 Qb6 9. a3 Be7 10. Bf2 Qc7 11. h3 Nc6 12. Qf3 O-O 13. Bd3 e5 14. Nde2 Be6 15. f5 Bd7 16. O-O Rac8 17. Be3 Kh7 18. g4 Rh8 19. Nd5 Nxd5 20. exd5 e4 21. Qxe4 Bf6 22. dxc6 Bxc6 23. Qf4 Rhe8 24. Qf2 Bxb2 25. Rab1 Bf6 26. Bd4 Qe7 27. Nf4 Kg8 28. Rfe1 Bxd4 29. Qxd4 Qg5 30. Rf1 Re7 31. f6 gxf6 32. Nh5 1-0


[Site "https://www.chess.com"]

[Event "Titled Tuesday Blitz February 28 Early 2023"]
[White "Einarsson, Halldor Gretar"]
[Black "Vargas, Mauricio"]
[WhiteFideId "2300150"]
[BlackFideId "4404572"]
[WhiteElo "2126"]
[BlackElo "2025"]
[Result "1-0"]
[Round "07"]
[TimeControl "180+2"]
[Date "2023.02.28"]
[WhiteClock "0:00:32"]
[BlackClock "0:00:02"]

1. d4 d5 2. Nf3 c6 3. c4 e6 4. Nc3 dxc4 5. a4 Bb4 6. g3 b5 7. Bg2 Bb7 8. O-O Qc8 9. Ne5 Nf6 10. Bg5 Nd5 11. Nxd5 exd5 12. e4 f6 13. Qh5+ g6 14. Nxg6 fxg5 15. Nxh8+ Kd8 16. Qxg5+ Kc7 17. Nf7 Qf8 18. Qe5+ Bd6 19. Nxd6 Qxd6 20. Qxd6+ Kxd6 21. e5+ Ke7 22. f4 Bc8 23. f5 Nd7 24. axb5 cxb5 25. Bxd5 Rb8 26. Rxa7 1-0


[Site "https://www.chess.com"]

[Event "Titled Tuesday Blitz February 28 Early 2023"]
[White "Larina, Maria"]
[Black "Kohler, Aran"]
[WhiteFideId "24113182"]
[BlackFideId "1002856"]
[WhiteElo "1848"]
[BlackElo "2237"]
[Result "0-1"]
[Round "07"]
[TimeControl "180+2"]
[Date "2023.02.28"]
[WhiteClock "0:00:03"]
[BlackClock "0:01:06"]

1. e4 c6 2. d4 d5 3. f3 Nf6 4. e5 Nfd7 5. f4 Nb6 6. c3 Bf5 7. Nd2 e6 8. Ngf3 c5 9. g3 Nc6 10. Bg2 Bd3 11. Nb3 c4 12. Nbd2 h6 13. Kf2 g5 14. fxg5 hxg5 15. Nf1 Be7 16. Ne1 Bg6 17. Be3 f6 18. exf6 Bxf6 19. Qd2 Rf8 20. Kg1 Qe7 21. Nf3 g4 22. Nh4 Bd3 23. Bf4 O-O-O 24. b4 Bxh4 25. gxh4 Qxh4 26. Bg3 Qf6 27. Ne3 Nxd4 28. cxd4 Qxd4 29. Re1 c3 30. Qc1 e5 31. Bf2 Rxf2 32. Kxf2 Nc4 33. Kg1 Rf8 34. h3 g3 0-1


[Site "https://www.chess.com"]

[Event "Titled Tuesday Blitz February 28 Early 2023"]
[White "WindWhistler11"]
[Black "Michalski, Olaf"]
[BlackFideId "1106740"]
[WhiteElo "2513"]
[BlackElo "2173"]
[Result "1-0"]
[Round "07"]
[TimeControl "180+2"]
[Date "2023.02.28"]
[WhiteClock "0:00:17"]
[BlackClock "0:00:01"]

1. Nf3 d6 2. d3 g6 3. Nbd2 Bg7 4. e4 Nf6 5. g3 O-O 6. Bg2 c6 7. O-O h6 8. c3 Qa5 9. Nd4 e5 10. b4 Qa6 11. b5 cxb5 12. Nc2 Nc6 13. Nb3 Be6 14. h3 b6 15. Be3 d5 16. f4 dxe4 17. dxe4 Bc4 18. Rf2 Rad8 19. Qc1 Rd3 20. Bf1 Rxc3 21. Qb2 Rxe3 22. Nxe3 exf4 23. e5 fxe3 24. Rxf6 Re8 25. Bxc4 bxc4 26. Rxc6 Bxe5 27. Nd4 c3 28. Qxc3 e2 29. Re1 Qxa2 30. Qd3 Qd5 31. Rc4 b5 32. Rb4 a5 33. Rxb5 Qxd4+ 34. Qxd4 Bxd4+ 35. Kg2 Bc3 36. Rbb1 Bxe1 37. Rxe1 a4 38. Kf3 a3 39. Ra1 1-0


[Site "https://www.chess.com"]

[Event "Titled Tuesday Blitz February 28 Early 2023"]
[White "Simonovic, Miroslav"]
[Black "Dilmukhametov, Artur"]
[WhiteFideId "919152"]
[BlackFideId "24179922"]
[WhiteElo "2057"]
[BlackElo "2199"]
[Result "1-0"]
[Round "07"]
[TimeControl "180+2"]
[Date "2023.02.28"]
[WhiteClock "0:00:55"]
[BlackClock "0:01:06"]

1. d4 Nf6 2. Bg5 g6 3. Bxf6 exf6 4. c4 Bg7 5. Nc3 O-O 6. g3 d6 7. e3 a6 8. Bg2 a5 9. Nge2 Na6 10. O-O c5 11. Nd5 cxd4 12. exd4 Be6 13. Nec3 Nc7 14. b3 Nxd5 15. Bxd5 Bxd5 16. Nxd5 f5 17. Qd3 Rb8 18. Rfe1 b6 19. Ne7+ Kh8 20. Nc6 Qc7 21. Nxb8 Rxb8 22. Re2 Qd7 23. Rae1 Bf6 24. h4 h6 25. a3 Kg7 26. b4 axb4 27. axb4 b5 28. c5 dxc5 29. bxc5 Qxd4 30. Qxd4 Bxd4 31. c6 Rc8 32. Rc1 b4 33. Rc4 Bc3 34. Re7 Bd2 35. Rd7 Be1 36. Kf1 Bc3 37. f4 Bf6 38. Rb7 b3 39. Rxb3 g5 40. c7 gxf4 41. Rb8 1-0


[Site "https://www.chess.com"]

[Event "Titled Tuesday Blitz February 28 Early 2023"]
[White "Tarnowska, Aleksandra"]
[Black "Mendez Machado, Andre"]
[WhiteFideId "1180967"]
[BlackFideId "6603793"]
[WhiteElo "1776"]
[BlackElo "1989"]
[Result "1/2-1/2"]
[Round "07"]
[TimeControl "180+2"]
[Date "2023.02.28"]
[WhiteClock "0:00:13"]
[BlackClock "0:00:04"]

1. e4 e5 2. Nf3 Nc6 3. Bb5 a6 4. Ba4 Nf6 5. O-O b5 6. Bb3 Bc5 7. c3 d6 8. d4 Bb6 9. Bg5 h6 10. Bh4 O-O 11. h3 Bb7 12. d5 Nb8 13. Re1 Nbd7 14. Nbd2 c6 15. dxc6 Bxc6 16. Nf1 Qc7 17. Ng3 g6 18. Bxf6 Nxf6 19. Nh2 h5 20. Nf3 Rad8 21. Nh4 Qb7 22. Nxg6 Rfe8 23. Nh4 Nxe4 24. Nxe4 Bxe4 25. Qxh5 Kf8 26. Qg4 Bc6 27. Nf5 Re6 28. Qg7+ Ke8 29. Bxe6 fxe6 30. Qxb7 Bxb7 31. Rad1 exf5 32. b3 Ke7 33. h4 Rg8 34. Kh2 Rxg2+ 35. Kh3 Bxf2 36. Re2 Rg3+ 37. Kh2 Rg2+ 38. Kh3 Rg3+ 39. Kh2 Rg2+ 40. Kh3 1/2-1/2


[Site "https://www.chess.com"]

[Event "Titled Tuesday Blitz February 28 Early 2023"]
[White "Bashirli, Saadat"]
[Black "Tagliati, Eleonore"]
[WhiteFideId "13429990"]
[BlackFideId "45172234"]
[WhiteElo "1408"]
[BlackElo "2222"]
[Result "1/2-1/2"]
[Round "07"]
[TimeControl "180+2"]
[Date "2023.02.28"]
[WhiteClock "0:00:33"]
[BlackClock "0:01:33"]

1. e4 c5 2. Nf3 Nc6 3. Bb5 Nf6 4. d3 g6 5. O-O Bg7 6. c3 O-O 7. Nbd2 Ne8 8. Re1 Nc7 9. Bxc6 dxc6 10. Nf1 e5 11. Be3 b6 12. Qc2 Bg4 13. N1d2 Ne6 14. h3 Bxf3 15. Nxf3 Qc7 16. Rad1 Rfd8 17. Ng5 Nxg5 18. Bxg5 Rd7 19. Be3 Rad8 20. Re2 c4 21. Red2 cxd3 22. Rxd3 Rxd3 23. Rxd3 h6 24. Qd2 Rxd3 25. Qxd3 Kh7 26. b4 Bf8 27. Qc4 Bd6 28. a4 Kg7 29. b5 cxb5 30. Qxc7 Bxc7 31. axb5 Kf6 32. Bxh6 Ke6 33. Be3 Bd6 34. Kf1 f5 35. f3 f4 36. Bf2 Ba3 37. Ke2 Bb2 38. Kd3 Kd6 39. c4 Ba3 40. Bh4 Bc5 41. Bf6 Bd4 42. Bh4 Bc5 43. Be1 Bd4 44. g3 fxg3 45. Bxg3 Bb2 46. f4 Ke6 47. fxe5 Bc1 48. h4 Bb2 49. Bf4 Ba1 50. c5 bxc5 51. Kc4 Bd4 52. Bg3 Be3 53. Kd3 Bd4 54. Kc4 Be3 55. Kb3 Bd4 56. Kc4 1/2-1/2


[Site "https://www.chess.com"]

[Event "Titled Tuesday Blitz February 28 Early 2023"]
[White "Carlsen, Magnus"]
[Black "Dubov, Daniil"]
[WhiteFideId "1503014"]
[BlackFideId "24126055"]
[WhiteElo "2852"]
[BlackElo "2802"]
[Result "1-0"]
[Round "08"]
[TimeControl "180+2"]
[Date "2023.02.28"]
[WhiteClock "0:00:17"]
[BlackClock "0:00:01"]

1. e4 c5 2. Nf3 d6 3. d4 cxd4 4. Nxd4 Nf6 5. Nc3 Nc6 6. Bg5 g6 7. Bxf6 exf6 8. Bb5 Bd7 9. Bc4 Bg7 10. O-O O-O 11. Nxc6 Bxc6 12. Qd3 Rc8 13. Rad1 Re8 14. Bb3 b5 15. Qxd6 Qxd6 16. Rxd6 f5 17. exf5 gxf5 18. Nd5 Bxb2 19. Nf6+ Bxf6 20. Rxf6 Re7 21. Rxf5 a5 22. c4 a4 23. Bd1 bxc4 24. Rc5 Bd7 25. Rxc8+ Bxc8 26. Bxa4 Ra7 27. Bb5 Rxa2 28. Bxc4 Rb2 29. Rc1 Bf5 30. h3 Rb1 31. Rxb1 Bxb1 32. Kh2 Kg7 33. Kg3 f6 34. Kf4 h6 35. Ke3 Bc2 36. Kd4 Ba4 37. Kd5 Bd7 38. Kd6 Bf5 39. Bd5 Kf8 40. h4 Bd3 41. Ke6 Kg7 42. Ke7 Bc2 43. g3 Bd1 44. f3 Be2 45. f4 Bg4 46. Be6 Be2 47. g4 Bd1 48. g5 hxg5 49. hxg5 fxg5 50. f5 Bh5 51. f6+ Kh6 52. Bf7 Be2 53. Bg6 Bc4 54. Bf5 g4 55. Bxg4 Kg6 56. Be6 1-0


[Site "https://www.chess.com"]

[Event "Titled Tuesday Blitz February 28 Early 2023"]
[White "Lazavik, Denis"]
[Black "Bacrot, Etienne"]
[WhiteFideId "13515110"]
[BlackFideId "605506"]
[WhiteElo "2560"]
[BlackElo "2667"]
[Result "1/2-1/2"]
[Round "08"]
[TimeControl "180+2"]
[Date "2023.02.28"]
[WhiteClock "0:00:09"]
[BlackClock "0:00:10"]

1. d4 d5 2. c4 c6 3. Nf3 Nf6 4. Qc2 g6 5. cxd5 cxd5 6. Bf4 Nc6 7. Nc3 Bg7 8. e3 O-O 9. Be2 Qb6 10. O-O Bf5 11. Qb3 Qxb3 12. axb3 Rfc8 13. Rfc1 Nb4 14. Ne1 Nd7 15. g4 Be6 16. h3 a6 17. Nd3 Nxd3 18. Bxd3 f6 19. b4 Nb6 20. Ra5 Bf7 21. b5 e5 22. Bg3 Nc4 23. Bxc4 Rxc4 24. bxa6 Rxa6 25. Rb5 b6 26. Rd1 exd4 27. exd4 f5 28. gxf5 gxf5 29. Be5 Bxe5 30. dxe5 d4 31. Ne2 Bh5 32. Rd2 Bxe2 33. Rxe2 d3 34. Rd2 Rd4 35. e6 Ra1+ 36. Kg2 Re1 37. Rxb6 Re2 38. Rd1 d2 39. Kf1 Rde4 40. Kg2 Rf4 41. Kg3 Rfxf2 42. e7 f4+ 43. Kg4 Rxe7 44. Rd6 Ree2 45. b4 Kf7 46. b5 Ke7 47. Rd4 f3 48. b6 Re6 49. R1xd2 Rg6+ 50. Kf4 Rf6+ 51. Kg3 Rxd2 52. Rxd2 Rxb6 53. Kxf3 Kf7 54. Kg3 Kg7 55. Kh2 Kg6 56. Rg2+ Kh6 57. Rf2 Rg6 58. Rg2 Kg7 59. Rf2 Rf6 60. Rg2+ Rg6 61. Rf2 Rf6 62. Rg2+ Rg6 1/2-1/2


[Site "https://www.chess.com"]

[Event "Titled Tuesday Blitz February 28 Early 2023"]
[White "Matlakov, Maxim"]
[Black "Nakamura, Hikaru"]
[WhiteFideId "4168003"]
[BlackFideId "2016192"]
[WhiteElo "2666"]
[BlackElo "2879"]
[Result "1-0"]
[Round "08"]
[TimeControl "180+2"]
[Date "2023.02.28"]
[WhiteClock "0:00:08"]
[BlackClock "0:00:03"]

1. d4 d6 2. Nf3 f5 3. Bf4 Nf6 4. e3 g6 5. h3 Bg7 6. Be2 O-O 7. O-O Nc6 8. c4 Qe8 9. Nc3 e5 10. Bh2 Ne4 11. Nd5 Rf7 12. b4 Be6 13. Rc1 exd4 14. exd4 Rc8 15. Nf4 Nxb4 16. Qb3 c5 17. a3 Na6 18. d5 Bd7 19. Qxb7 Nc7 20. Bd3 Ba4 21. Bxe4 Rb8 22. Qxa7 Ra8 23. Qb6 Ra6 24. Qb7 fxe4 25. Ng5 Re7 26. Nge6 Qa8 27. Qb1 Be5 28. Nxc7 Rxc7 29. Ne6 Bxh2+ 30. Kxh2 Re7 31. Qxe4 Bd7 32. Rfe1 Bxe6 33. dxe6 Qxe4 34. Rxe4 Rxa3 35. Rd1 Ra6 36. Rd3 Kg7 37. g4 g5 38. Kg3 h6 39. h4 Kf6 40. Rf3+ Kg6 41. Rf8 Ra3+ 42. f3 Rc3 43. Rg8+ Kf6 44. Rf8+ Kg7 45. Rf5 Kg6 46. Rd5 gxh4+ 47. Kxh4 Rxf3 48. Rxd6 Kf6 49. Rc6 Rf1 50. Rxc5 Rh1+ 51. Kg3 Rxe6 52. Rxe6+ Kxe6 53. Rh5 Rg1+ 54. Kf3 Rf1+ 55. Ke4 Rf6 56. Ra5 Kf7 57. Rf5 Ke7 58. Rxf6 Kxf6 59. c5 Ke6 60. c6 1-0


[Site "https://www.chess.com"]

[Event "Titled Tuesday Blitz February 28 Early 2023"]
[White "Vokhidov, Shamsiddin"]
[Black "So, Wesley"]
[WhiteFideId "14204223"]
[BlackFideId "5202213"]
[WhiteElo "2570"]
[BlackElo "2739"]
[Result "0-1"]
[Round "08"]
[TimeControl "180+2"]
[Date "2023.02.28"]
[WhiteClock "0:00:11"]
[BlackClock "0:00:23"]

1. e4 e5 2. Nf3 Nc6 3. Bb5 Nf6 4. d3 Bc5 5. c3 O-O 6. O-O Re8 7. Re1 a6 8. Ba4 d5 9. exd5 Qxd5 10. Bg5 Bf5 11. Nbd2 Ng4 12. Bh4 Bxd3 13. h3 Nh6 14. Bxc6 bxc6 15. Nb3 e4 16. Nxc5 Qxc5 17. Nd4 Qd5 18. Bg3 c5 19. Nc2 Qb7 20. Ne3 Qxb2 21. Bf4 Re6 22. Nd5 Rd8 23. Nxc7 Rf6 24. Bg5 Qxf2+ 25. Kh1 Rg6 26. Qd2 Qxd2 27. Bxd2 Nf5 28. Bf4 h5 29. c4 h4 30. Nd5 Bxc4 31. Nc3 Rd4 32. Rxe4 Rxe4 33. Nxe4 Bd5 34. Nxc5 Rxg2 0-1


[Site "https://www.chess.com"]

[Event "Titled Tuesday Blitz February 28 Early 2023"]
[White "Abdrlauf, Elham"]
[Black "Firouzja, Alireza"]
[WhiteFideId "1533533"]
[BlackFideId "12573981"]
[WhiteElo "2476"]
[BlackElo "2904"]
[Result "1-0"]
[Round "08"]
[TimeControl "180+2"]
[Date "2023.02.28"]
[WhiteClock "0:00:05"]
[BlackClock "0:00:08"]

1. e4 c5 2. Nf3 Nc6 3. b4 cxb4 4. d4 d5 5. exd5 Qxd5 6. c4 bxc3 7. Nxc3 Qa5 8. Rb1 e6 9. Bd2 Nf6 10. Bb5 Qd8 11. Ne5 Bd7 12. Qa4 Bd6 13. Nxc6 bxc6 14. Bxc6 O-O 15. Bxd7 Nxd7 16. Qc6 Nb6 17. O-O Rc8 18. Qe4 Rc4 19. Nb5 Bb8 20. Bf4 Bxf4 21. Qxf4 a6 22. Nd6 Nd5 23. Qe5 Rc2 24. Rb7 Rxa2 25. Nxf7 Qf6 26. Qxf6 gxf6 27. Nh6+ Kh8 28. Nf7+ Kg7 29. Ng5+ Kg6 30. Nxe6 Re8 31. Rd7 Nb6 32. Nf4+ Kf5 33. Rb7 Nc4 34. g3 Rd8 35. d5 Nd2 36. Rd1 Ne4 37. Rf1 Nd2 38. Rd1 Ne4 39. Rxh7 Nxf2 40. Rf1 Ng4 41. Rh5+ Ke4 42. Re1+ Kf3 43. Rf1+ Rf2 44. Rxf2+ Nxf2 45. Ne6 Rb8 46. Rf5+ Ke4 47. Rxf2 Kxd5 48. Rxf6 Ke5 49. Rh6 a5 50. Rh5+ Kxe6 51. Rxa5 Rb2 52. Ra3 Kf5 53. Rf3+ Kg4 54. Rf4+ Kg5 55. Rf2 Rb4 56. Kg2 Ra4 57. h3 Rb4 58. Re2 Ra4 59. Kf2 Rb4 60. Kf3 Rb3+ 61. Re3 Rb5 62. h4+ Kh5 63. Kf4 Rb1 64. Re5+ Kh6 65. Rf5 Kg6 66. Kg4 Rb4+ 67. Rf4 Rb6 68. h5+ Kh6 69. Kh4 Rb1 70. Rf6+ Kg7 71. Rg6+ Kh7 72. g4 Rb5 73. Rf6 Rc5 74. Rf5 Rc7 75. Kg5 Rg7+ 76. Kf4 Ra7 77. Rf6 Ra4+ 78. Kg5 Ra5+ 79. Rf5 Ra7 80. h6 Kg8 81. Kh5 Rb7 82. g5 Ra7 83. Rd5 Ra8 84. Rd7 Rb8 85. Re7 Ra8 86. Kg6 Ra6+ 87. Kf5 Ra5+ 88. Kf6 Ra6+ 89. Re6 Ra8 90. g6 Rf8+ 91. Ke7 Ra8 92. Rd6 Ra7+ 93. Rd7 1-0


[Site "https://www.chess.com"]

[Event "Titled Tuesday Blitz February 28 Early 2023"]
[White "Timofeev, Artyom"]
[Black "Duda, Jan-Krzysztof"]
[WhiteFideId "4140419"]
[BlackFideId "1170546"]
[WhiteElo "2586"]
[BlackElo "2790"]
[Result "0-1"]
[Round "08"]
[TimeControl "180+2"]
[Date "2023.02.28"]
[WhiteClock "0:00:01"]
[BlackClock "0:00:02"]

1. c4 c5 2. Nf3 Nc6 3. Nc3 e5 4. g3 g6 5. Bg2 Bg7 6. O-O d6 7. Rb1 Nge7 8. a3 a5 9. d3 h6 10. Ne1 Be6 11. Nd5 O-O 12. Nc2 Bxd5 13. cxd5 Nd4 14. a4 Nxc2 15. Qxc2 Kh7 16. e4 h5 17. f4 exf4 18. gxf4 Bd4+ 19. Kh1 Ng8 20. Qe2 Nh6 21. Be3 Qh4 22. Bxd4 cxd4 23. Qf2 Qxf2 24. Rxf2 Ng4 25. Rc2 Rac8 26. Rd2 Ne3 27. Kg1 b6 28. Kf2 f5 29. e5 dxe5 30. fxe5 Ng4+ 31. Kg1 Nxe5 32. b4 axb4 33. Rxb4 Rc1+ 34. Kf2 Ng4+ 35. Kf3 g5 36. Rxb6 Re1 37. Re6 Ne5+ 38. Kf2 Re3 39. a5 Rb8 40. a6 Ng4+ 41. Kg1 Rb1+ 42. Bf1 Rf3 43. Kg2 Rfxf1 44. a7 Rg1+ 45. Kf3 Rbf1+ 0-1


[Site "https://www.chess.com"]

[Event "Titled Tuesday Blitz February 28 Early 2023"]
[White "Livaic, Leon"]
[Black "Le, Tuan Minh"]
[WhiteFideId "14531534"]
[BlackFideId "12401153"]
[WhiteElo "2509"]
[BlackElo "2558"]
[Result "0-1"]
[Round "08"]
[TimeControl "180+2"]
[Date "2023.02.28"]
[WhiteClock "0:00:11"]
[BlackClock "0:00:08"]

1. d4 d5 2. Bf4 Nf6 3. e3 c5 4. Nf3 Qb6 5. Nc3 Bd7 6. Rb1 e6 7. Bd3 Bd6 8. Bxd6 Qxd6 9. dxc5 Qxc5 10. O-O Nc6 11. e4 d4 12. Ne2 e5 13. Ng3 O-O 14. a3 Rac8 15. Qd2 Rfe8 16. Nh4 Ne7 17. f4 Ng4 18. fxe5 Ne3 19. Rf2 Ng6 20. Nhf5 Bxf5 21. Nxf5 Nxe5 22. Re1 g6 23. Ng3 N5g4 24. Rf3 Qb6 25. b3 Nxc2 26. Bc4 Rxc4 27. bxc4 d3+ 28. Kh1 Nxe1 29. Qxe1 Ne5 30. Rf1 Nxc4 31. Qc1 Qd4 32. Qg5 Qe5 33. Nf5 f6 34. Nh6+ Kg7 35. Qh4 Qg5 36. Qxg5 fxg5 37. Ng4 d2 38. Rd1 Rxe4 0-1


[Site "https://www.chess.com"]

[Event "Titled Tuesday Blitz February 28 Early 2023"]
[White "Darini, Pouria"]
[Black "Tabatabaei, M. Amin"]
[WhiteFideId "12502200"]
[BlackFideId "12521213"]
[WhiteElo "2482"]
[BlackElo "2565"]
[Result "0-1"]
[Round "08"]
[TimeControl "180+2"]
[Date "2023.02.28"]
[WhiteClock "0:00:03"]
[BlackClock "0:00:03"]

1. e4 c6 2. d4 d5 3. e5 Bf5 4. Nf3 e6 5. Be2 Bb4+ 6. c3 Ba5 7. O-O Nd7 8. Re1 Bc7 9. Nbd2 f6 10. Nh4 fxe5 11. Nxf5 exf5 12. dxe5 Nxe5 13. Nf3 Nxf3+ 14. Bxf3+ Kf7 15. Qd3 Qd7 16. c4 d4 17. c5 Nf6 18. Bg5 Rhe8 19. g3 h6 20. Bxf6 Kxf6 21. Rad1 Rad8 22. Kf1 g5 23. Bh5 Rxe1+ 24. Rxe1 Qd5 25. Kg1 Rd7 26. Qe2 Qe5 27. Qd1 Qxc5 28. Qb3 Qd5 29. Qxb7 d3 30. Qc8 Bd8 31. Rd1 d2 32. Qa6 Bb6 33. Qe2 g4 34. Qe8 Qd6 35. Qh8+ Kg5 36. Be8 Re7 37. Qg8+ Kf6 38. Qf8+ Kg5 39. Qg8+ Kf6 40. Qf8+ Ke6 41. Qg8+ Ke5 42. Qh8+ Ke4 43. Bh5 Qd4 44. Qxd4+ Bxd4 45. Rxd2 Rb7 46. b3 c5 47. Be8 Rb6 48. Bd7 Rd6 49. Bb5 Ke5 50. Re2+ Kf6 51. Bc4 Be5 52. Kg2 Rd1 53. f4 Bd4 54. Re6+ Kg7 55. Re7+ Kf8 56. Re2 Rg1# 0-1


[Site "https://www.chess.com"]

[Event "Titled Tuesday Blitz February 28 Early 2023"]
[White "Paravyan, David"]
[Black "Drygalov, Andrey"]
[WhiteFideId "4194985"]
[BlackFideId "24171735"]
[WhiteElo "2577"]
[BlackElo "2471"]
[Result "1-0"]
[Round "08"]
[TimeControl "180+2"]
[Date "2023.02.28"]
[WhiteClock "0:00:14"]
[BlackClock "0:00:06"]

1. e4 e5 2. Nf3 Nc6 3. Bb5 a6 4. Ba4 Bc5 5. O-O Nge7 6. c3 Ba7 7. d4 Ng6 8. Bg5 f6 9. Be3 O-O 10. Nbd2 d6 11. Re1 Kh8 12. h3 Nce7 13. Bc2 Be6 14. Nf1 c5 15. Ng3 Rc8 16. dxe5 dxe5 17. Bb3 Bxb3 18. axb3 Nc6 19. Qc2 Nd4 20. Qd1 Ne6 21. Nf5 Rc7 22. g3 Rd7 23. Qe2 Ne7 24. Red1 Nxf5 25. exf5 Nc7 26. Rxd7 Qxd7 27. g4 Rd8 28. Nd2 Qc6 29. Qf3 Qxf3 30. Nxf3 Nd5 31. Rd1 Bb6 32. c4 Nxe3 33. Rxd8+ Bxd8 34. fxe3 Ba5 35. Kf2 Kg8 36. Ke2 Kf7 37. Kd3 Ke7 38. h4 h6 39. Ke4 Kd6 40. g5 hxg5 41. hxg5 b5 42. g6 Bb4 43. Kd3 Ke7 44. Ng1 Kd6 45. Ne2 Be1 46. Nc1 Ba5 47. Ke4 Bd2 48. Nd3 Ba5 49. Kf3 Bd2 50. Ke2 Ba5 51. Nf2 Bd8 52. Ne4+ Kc6 53. Ng3 Be7 54. Nh5 Bf8 55. Kf3 Kd6 56. Ke4 Kc6 57. Ng3 Be7 58. Ne2 b4 59. Ng3 Bf8 60. Nh1 Kd6 61. Nf2 Kc6 62. Kf3 Be7 63. Ne4 Bf8 64. Nd2 a5 65. Nf1 Kd6 66. Ng3 Kc6 67. Kg4 Kd7 68. Ne4 Kc6 69. Kh5 Kd7 70. Kh4 Kc6 71. Kg4 Kd7 72. Kf3 Kc6 73. Ng3 Kd7 74. Ne2 Kc6 75. Nc1 Be7 76. Ke4 Bf8 77. Nd3 Kd6 78. Nf2 Kc6 79. Ng4 Kd6 80. Kd3 Be7 81. Nh6 Bf8 82. Nf7+ Kd7 83. Ke4 Be7 84. Kd5 Bf8 85. e4 Be7 86. Nh6 Bf8 87. Ng4 Be7 88. Nf2 Bf8 89. Nd3 Be7 90. Nxc5+ Ke8 91. Ne6 Kd7 92. Nxg7 a4 93. bxa4 Kc7 94. b3 Kb6 95. Ne6 1-0


[Site "https://www.chess.com"]

[Event "Titled Tuesday Blitz February 28 Early 2023"]
[White "Bruzon Batista, Lazaro"]
[Black "Erigaisi Arjun"]
[WhiteFideId "3503739"]
[BlackFideId "35009192"]
[WhiteElo "2709"]
[BlackElo "2737"]
[Result "0-1"]
[Round "08"]
[TimeControl "180+2"]
[Date "2023.02.28"]
[WhiteClock "0:00:02"]
[BlackClock "0:00:09"]

1. d4 d6 2. e4 g6 3. Nf3 Bg7 4. c3 Nf6 5. Bd3 O-O 6. O-O Nc6 7. Re1 e5 8. h3 h6 9. a3 Re8 10. Nbd2 a5 11. Nf1 exd4 12. cxd4 d5 13. e5 Ne4 14. Be3 Ne7 15. N1d2 Bf5 16. Bf1 c6 17. g4 Nxd2 18. Nxd2 Be6 19. Rc1 Rc8 20. f4 c5 21. Nf3 c4 22. Bf2 b5 23. Qd2 Qb6 24. Nh4 b4 25. axb4 Qxb4 26. Qc2 Qb3 27. Qb1 g5 28. Rc3 Qb6 29. fxg5 hxg5 30. Nf3 f6 31. exf6 Bxf6 32. Qc1 Ng6 33. Nxg5 Bxd4 34. Bxd4 Qxd4+ 35. Qe3 Qxe3+ 36. Rcxe3 Bd7 37. Bg2 Nf4 38. Re7 d4 39. Nh7 Rxe7 40. Rxe7 Bc6 41. Bf1 d3 42. Kf2 Nd5 43. Ra7 Rb8 0-1


[Site "https://www.chess.com"]

[Event "Titled Tuesday Blitz February 28 Early 2023"]
[White "Fedoseev, Vladimir"]
[Black "Zhigalko, Sergei"]
[WhiteFideId "24130737"]
[BlackFideId "13502956"]
[WhiteElo "2752"]
[BlackElo "2626"]
[Result "1-0"]
[Round "08"]
[TimeControl "180+2"]
[Date "2023.02.28"]
[WhiteClock "0:00:19"]
[BlackClock "0:00:01"]

1. e4 c5 2. Nf3 Nc6 3. Bb5 Nf6 4. Nc3 Qc7 5. Bxc6 dxc6 6. e5 Nd5 7. Ne4 Bg4 8. O-O e6 9. d4 cxd4 10. Qxd4 Bxf3 11. gxf3 Rd8 12. Bg5 Be7 13. Nd6+ Rxd6 14. exd6 Bxd6 15. Qxg7 Bxh2+ 16. Kh1 Be5 17. Qh6 Bxb2 18. Rad1 b5 19. Rfe1 Rg8 20. f4 Kd7 21. f5 Qd6 22. fxe6+ fxe6 23. f4 Rg6 24. Qxh7+ Rg7 25. Qh6 Rf7 26. Re4 b4 27. Kg2 e5 28. Qxd6+ Kxd6 29. Rxb4 exf4 30. Rxb2 Rg7 31. c4 Rxg5+ 32. Kf2 Rh5 33. Rdd2 Rh2+ 34. Kg1 1-0


[Site "https://www.chess.com"]